 Dungeon Crawl Stone Soup version 0.29-a0-802-g34511f41fd (webtiles) character file.

Game seed: 9466579860154927083

25 gobodom the Grave Robber (level 2, -4/15 HPs)
             Began as a Deep Elf Necromancer on July 4, 2022.
             Slain by a worm (8 damage)
             ... on level 2 of the Dungeon.
             The game lasted 00:04:05 (1389 turns).

gobodom the Grave Robber (Deep Elf Necromancer)     Turns: 1389, Time: 00:04:05

Health: -4/15      AC:  4    Str:  5    XL:     2   Next: 82%
Magic:  2/8        EV: 12    Int: 19    God:
Gold:   73         SH:  0    Dex: 15    Spells: 6/8 levels left

rFire   . . .      SeeInvis .   d - +0 long sword
rCold   + + .      Faith    .   (no shield)
rNeg    . . .      Spirit   .   a - +0 robe
rPois   .          Reflect  .   (no helmet)
rElec   .          Harm     .   (no cloak)
rCorr   .          Rampage  .   m - +1 pair of gloves
Will    .....                   (no boots)
Stlth   ++........              (no amulet)
HPRegen 0.05/turn               h - ring of protection from cold
MPRegen 0.11/turn               i - ring of protection from cold

@: no status effects
A: no striking features
a: no special abilities


You were on level 2 of the Dungeon.
You visited 1 branch of the dungeon, and saw 2 of its levels.

You collected 73 gold pieces.

Inventory:

Hand Weapons
 d - a +0 long sword (weapon)
Armour
 a - a +0 robe (worn)
 m - a +1 pair of gloves (worn)
Jewellery
 h - a ring of protection from cold (left hand)
 i - a ring of protection from cold (right hand)
Scrolls
 e - 3 scrolls of identify {unknown}
 f - a scroll of summoning {unknown}
 g - a scroll of amnesia {unknown}
 k - a scroll of teleportation {unknown}
 l - a scroll of poison {unknown}
 o - a scroll of acquirement {unknown}
Potions
 b - a potion of magic
 c - a potion of cancellation {unknown}
 j - a potion of mutation {unknown}
 n - a potion of curing {unknown}


   Skills:
 + Level 2.5 Dodging
 + Level 2.6 Stealth
 + Level 3.5 Spellcasting
 + Level 5.5 Necromancy


You had 6 spell levels left.
You knew the following spells:

 Your Spells              Type           Power      Damage    Failure   Level
a - Necrotise             Necr           96%        1d8       1%          1
b - Slow                  Hex            12%        N/A       14%         1

Your spell library contained the following spells:

 Spells                   Type           Power      Damage    Failure   Level
 Vampiric Draining        Necr           24%        2d7       4%          3
 Shock                    Conj/Air       12%        1d3       14%         1
 Animate Dead             Necr           24%        N/A       14%         4
 Agony                    Necr           24%        N/A       38%         5
 Confusing Touch          Hex            3%         N/A       41%         3
 Swiftness                Air            3%         N/A       41%         3
 Airstrike                Air            1%         0-2+      82%         4


Dungeon Overview and Level Annotations

Branches:
Dungeon (2/15)

Altars:


Message History

Casting: Necrotise (safe; 1% risk of failure)
Confirm with . or Enter, or press ? or * to list all spells.
Aiming: Necrotise (safe; 1% risk of failure)
Press: ? - help, Shift-Dir - straight line, f/p - worm
Aim: a worm (heavily wounded, chance to affect: 88%)
The worm barely resists.
Casting: Necrotise (safe; 1% risk of failure)
Confirm with . or Enter, or press ? or * to list all spells.
Aiming: Necrotise (safe; 1% risk of failure)
Press: ? - help, Shift-Dir - straight line, f/p - worm
Aim: a worm (heavily wounded, chance to affect: 88%)
The worm writhes in agony.
Casting: Necrotise (safe; 1% risk of failure)
Confirm with . or Enter, or press ? or * to list all spells.
Aiming: Necrotise (safe; 1% risk of failure)
Press: ? - help, Shift-Dir - straight line, f/p - worm
Aim: a worm (heavily wounded, chance to affect: 88%)
The worm writhes in agony.
The worm closely misses you.
You barely miss the worm.
The worm is heavily wounded.
You barely miss the worm.
The worm is heavily wounded.
The worm bites you.
You hit the worm but do no damage.
The worm is heavily wounded.
The worm closely misses you.
Your magical contamination has completely faded away.
You barely miss the worm.
The worm is heavily wounded.
The worm misses you.
You hit the worm but do no damage.
The worm is heavily wounded.
The worm bites you!
Ouch! That really hurt!
* * * LOW HITPOINT WARNING * * *
You barely miss the worm.
The worm is moderately wounded.
The worm bites you!
Ouch! That really hurt!
You die...

... ... ... #.# #.#
..# #.# ... ##w## #.#
##.@.## #.# ##.....##
### #.# ##.......##
##.###.#
#.........####...##.##
+.........+...........
#.........####...#####
##.......## #..##
##.....## #.## ##...##
#.#


You could see a worm.

Vanquished Creatures
  A worm (D:2)
  A dart slug (D:2)
  3 bats
  An endoplasm (D:2)
  2 giant cockroaches (D:1)
  A goblin (D:2)
  3 hobgoblins (D:1)
  2 quokkas (D:1)
  A frilled lizard (D:1)
  A rat (D:1)
16 creatures vanquished.

Vanquished Creatures (collateral kills)
  A goblin (D:1)
1 creature vanquished.

Grand Total: 17 creatures vanquished

Notes
Turn   | Place    | Note
-------+----------+-------------------------------------------
     0 | D:1      | gobodom the Deep Elf Necromancer began the quest for the
                  | Orb.
     0 | D:1      | Reached XP level 1. HP: 10/10 MP: 6/6
     0 | D:1      | Noticed an elf
     0 | D:1      | Noticed a demigod
     1 | D:1      | Noticed a tengu
     3 | D:1      | Noticed a naga
     5 | D:1      | Noticed a felid
     7 | D:1      | Noticed a minotaur
     9 | D:1      | Noticed a demigod
    11 | D:1      | Noticed a human
    15 | D:1      | Noticed a formicid
    17 | D:1      | Noticed a tengu
    17 | D:1      | Noticed a troll
    19 | D:1      | Noticed a vampire
    21 | D:1      | Noticed a gargoyle
    35 | D:1      | Reached skill level 5 in Necromancy
   372 | D:1      | Reached XP level 2. HP: 15/15 MP: 6/8
   842 | D:2      | Learned a level 1 spell: Slow
  1389 | D:2      | Slain by a worm

Illustrated notes

Levels and vault maps discovered:
D:1:      shiori_arrival_whats_in_store_for_you, layout_basic
D:2:      layout_loops_corners

Skill      XL: |  1 |
---------------+----+-----
Necromancy     | 5 |  5.5
Dodging        | |  2.5
Stealth        | |  2.6
Spellcasting   | |  3.5

Action                   || total
-------------------------++-------
Melee: Long sword        ||     6
 Cast: Necrotise         ||    35
       Slow              ||     6
Dodge: Dodged            ||     6

Table legend: (Time is in decaauts)
 A = Elapsed time spent in this place.
 B = Non-inter-level travel time spent in this place.
 C = Inter-level travel time spent in this place.
 D = Time resting spent in this place.
 E = Time spent auto-exploring this place.
 F = Levels seen in this place.
 G = Mean time per level.
                   A        B        C        D        E       F      G
               +--------+--------+--------+--------+--------+-----+--------+
         Total |   1389 |   1367 |     22 |      0 |   1177 |   2 |  694.5 |
       Dungeon |   1389 |   1367 |     22 |      0 |   1177 |   2 |  694.5 |
               +--------+--------+--------+--------+--------+-----+--------+

Top non-repeatable levels by time:
     D:1: 831 daAuts
     D:2: 557 daAuts
